[Event "Final GP Rapid TOP 16 2019"]
[Site "Khanty-Mansijsk"]
[Date "2019.12.01"]
[Round "3.7"]
[White "Pridorozhni, Aleksei"]
[Black "Moiseenko, Vadim"]
[Result "0-1"]
[ECO "B02"]
[WhiteElo "2602"]
[BlackElo "2526"]
[Annotator "ChessBase"]
[PlyCount "84"]
[EventDate "2019.12.01"]
[EventType "tourn"]
[EventCountry "RUS"]
[SourceTitle "playchess.com"]
[Source "ChessBase"]
[SourceQuality "1"]
[TimeControl "900+10"]

1. e4 c5 2. Nf3 Nf6 3. Nc3 d5 4. e5 Nfd7 5. e6 fxe6 6. d4 Nc6 7. Bb5 Qb6 8. dxc5 Qxc5 9. O-O a6 10. Bd3 g6 11. Ng5 Nf6 12. Nxh7 Nxh7 13. Bxg6+ Kd8 14. Qh5 Qd4 15. Be3 Qe5 16. Bb6+ Kd7 17. Be8+ Kd6 18. Qh3 Bd7 19. Rfe1 Ng5 20. Ne4+ Nxe4 21. Qa3+ Nb4 22. Qxb4+ Kc6 23. Bxd7+ Kxd7 24. Qa4+ Kd6 25. Qb4+ Kc6 26. g3 Qd6 27. Qb3 Nd2 28. Qc3+ Kxb6 29. Qxd2 Bg7 30. Re3 Ka7 31. Rae1 e5 32. Rd3 d4 33. c3 Bf6 34. a4 Rh3 35. Re2 Rah8 36. f3 Qc6 37. a5 Ka8 38. b4 Qc4 39. cxd4 exd4 40. f4 Qb5 41. Rf3 Rc8 42. Kg2 Qh5 0-1

[Event "Final GP Rapid TOP 16 2019"]
[Site "Khanty-Mansijsk"]
[Date "2019.12.01"]
[Round "3.8"]
[White "Shaposhnikov, Evgeny"]
[Black "Kokarev, Dmitry"]
[Result "1/2-1/2"]
[ECO "D79"]
[WhiteElo "2568"]
[BlackElo "2606"]
[Annotator "ChessBase"]
[PlyCount "26"]
[EventDate "2019.12.01"]
[EventType "tourn"]
[EventCountry "RUS"]
[SourceTitle "playchess.com"]
[Source "ChessBase"]
[SourceQuality "1"]
[TimeControl "900+10"]

1. Nf3 Nf6 2. c4 g6 3. Nc3 Bg7 4. g3 c6 5. Bg2 d5 6. cxd5 cxd5 7. d4 O-O 8. O-O Ne4 9. Nxe4 dxe4 10. Ne5 Qd5 11. Bf4 f6 12. Nd3 Nc6 13. Be3 f5 1/2-1/2

[Event "Final GP Rapid TOP 16 2019"]
[Site "Khanty-Mansijsk"]
[Date "2019.12.01"]
[Round "4.1"]
[White "Ponkratov, Pavel"]
[Black "Kokarev, Dmitry"]
[Result "1/2-1/2"]
[ECO "B90"]
[WhiteElo "2632"]
[BlackElo "2606"]
[Annotator "ChessBase"]
[PlyCount "79"]
[EventDate "2019.12.01"]
[EventType "tourn"]
[EventCountry "RUS"]
[SourceTitle "playchess.com"]
[Source "ChessBase"]
[SourceQuality "1"]
[TimeControl "900+10"]

1. e4 c5 2. Nf3 d6 3. d4 cxd4 4. Nxd4 Nf6 5. Nc3 a6 6. a4 e5 7. Nf3 Be7 8. Bg5 Be6 9. Bxf6 Bxf6 10. Nd5 Nd7 11. Bc4 Rc8 12. b3 Nb6 13. Nxf6+ Qxf6 14. Bxe6 Qxe6 15. O-O O-O 16. Re1 Rc6 17. a5 Nd7 18. Nd2 f5 19. exf5 Qxf5 20. Ne4 Nc5 21. Nxd6 Qxf2+ 22. Kh1 Qd4 23. Nc4 Qxd1 24. Raxd1 e4 25. Kg1 h6 26. Rd5 Re8 27. Red1 Re7 28. Re5 Rxe5 29. Nxe5 Rf6 30. h4 Kh7 31. b4 Na4 32. Re1 Nc3 33. Nd7 Rc6 34. h5 Rd6 35. Nc5 Rd4 36. Re3 Nd5 37. Rxe4 Rxe4 38. Nxe4 Nxb4 39. Nc5 Nxc2 40. Nxb7 1/2-1/2

[Event "Final GP Rapid TOP 16 2019"]
[Site "Khanty-Mansijsk"]
[Date "2019.12.01"]
[Round "4.3"]
[White "Sakaev, Konstantin"]
[Black "Pridorozhni, Aleksei"]
[Result "1/2-1/2"]
[ECO "A84"]
[WhiteElo "2596"]
[BlackElo "2602"]
[Annotator "ChessBase"]
[PlyCount "46"]
[EventDate "2019.12.01"]
[EventType "tourn"]
[EventCountry "RUS"]
[SourceTitle "playchess.com"]
[Source "ChessBase"]
[SourceQuality "1"]
[TimeControl "900+10"]

1. d4 e6 2. c4 f5 3. Nf3 Nf6 4. g3 b6 5. Bg2 Bb7 6. O-O a5 7. d5 exd5 8. Nd4 Nc6 9. cxd5 Nxd4 10. Qxd4 Bd6 11. Bf4 Qe7 12. Bxd6 Qxd6 13. Nc3 Ba6 14. Bh3 g6 15. Rfd1 O-O 16. Rac1 Rae8 17. e3 Ne4 18. Nxe4 Rxe4 19. Qc3 Rc4 20. Qd2 Rxc1 21. Qxc1 Be2 22. Rd4 Bf3 23. Bg2 Bxg2 1/2-1/2

[Event "Final GP Rapid TOP 16 2019"]
[Site "Khanty-Mansijsk"]
[Date "2019.12.01"]
[Round "4.4"]
[White "Golubov, Saveliy"]
[Black "Nesterov, Arseniy"]
[Result "1-0"]
[ECO "D02"]
[WhiteElo "2469"]
[BlackElo "2482"]
[Annotator "ChessBase"]
[PlyCount "91"]
[EventDate "2019.12.01"]
[EventType "tourn"]
[EventCountry "RUS"]
[SourceTitle "playchess.com"]
[Source "ChessBase"]
[SourceQuality "1"]
[TimeControl "900+10"]

1. d4 d5 2. Nf3 Nf6 3. c3 e6 4. Bf4 Bd6 5. Bg3 c5 6. e3 Qc7 7. dxc5 Qxc5 8. b4 Qc7 9. Nbd2 O-O 10. Rc1 Bxg3 11. hxg3 Qe7 12. Bd3 e5 13. e4 a5 14. a3 axb4 15. axb4 h6 16. Qe2 Re8 17. O-O Ra2 18. exd5 e4 19. Bc4 Rb2 20. Nd4 Ng4 21. Rb1 Rxb1 22. Rxb1 Qg5 23. f3 Nf6 24. Nxe4 Nxe4 25. fxe4 Nd7 26. Bb5 Qxg3 27. Qf3 Qg6 28. Bxd7 Bxd7 29. Re1 Re5 30. Re3 h5 31. c4 Qb6 32. Nc2 Ba4 33. c5 Qb5 34. Qe2 Qe8 35. Nd4 Bd7 36. b5 Bg4 37. Qd3 f5 38. c6 fxe4 39. Qc4 bxc6 40. Nxc6 Rf5 41. Rxe4 Qf7 42. Ne7+ Kh7 43. Nxf5 Bxf5 44. Rf4 Qg6 45. Qd4 Bg4 46. Qe4 1-0

[Event "Final GP Rapid TOP 16 2019"]
[Site "Khanty-Mansijsk"]
[Date "2019.12.01"]
[Round "4.5"]
[White "Bocharov, Dmitry"]
[Black "Voit, Daria"]
[Result "1-0"]
[ECO "A38"]
[WhiteElo "2524"]
[BlackElo "2336"]
[Annotator "ChessBase"]
[PlyCount "75"]
[EventDate "2019.12.01"]
[EventType "tourn"]
[EventCountry "RUS"]
[SourceTitle "playchess.com"]
[Source "ChessBase"]
[SourceQuality "1"]
[TimeControl "900+10"]

1. Nf3 Nf6 2. g3 g6 3. b3 Bg7 4. Bb2 c5 5. Bg2 O-O 6. c4 d6 7. O-O e5 8. Nc3 Nc6 9. d3 h6 10. e3 Bf5 11. Rc1 Re8 12. a3 Qd7 13. Re1 Rad8 14. Qc2 e4 15. dxe4 Nxe4 16. Qe2 Nxc3 17. Bxc3 Bxc3 18. Rxc3 d5 19. cxd5 Qxd5 20. Rec1 Be4 21. Rxc5 Qxb3 22. R5c3 Qd5 23. Rc5 Qb3 24. Nd2 Qa2 25. Bxe4 Rxd2 26. Qf3 Ne5 27. Qf4 Qxa3 28. Rc7 b6 29. Kg2 a5 30. R1c6 Rd6 31. Rc8 Rde6 32. Rxe6 Rxc8 33. Rxe5 a4 34. Bd5 Qf8 35. Qxa4 Rd8 36. Qe4 Kg7 37. Qd4 Kh7 38. Qxb6 1-0

[Event "Final GP Rapid TOP 16 2019"]
[Site "Khanty-Mansijsk"]
[Date "2019.12.01"]
[Round "4.7"]
[White "Potapov, Pavel"]
[Black "Murzin, Volodar"]
[Result "1/2-1/2"]
[ECO "B12"]
[WhiteElo "2482"]
[BlackElo "2442"]
[Annotator "ChessBase"]
[PlyCount "100"]
[EventDate "2019.12.01"]
[EventType "tourn"]
[EventCountry "RUS"]
[SourceTitle "playchess.com"]
[Source "ChessBase"]
[SourceQuality "1"]
[TimeControl "900+10"]

1. e4 c6 2. d4 d5 3. e5 Bf5 4. h4 h5 5. Bd3 Bxd3 6. Qxd3 Qa5+ 7. Nd2 e6 8. Ngf3 Nh6 9. O-O Nf5 10. c4 Be7 11. g3 O-O 12. b3 Nd7 13. a4 Qa6 14. Qc2 Rfd8 15. Bb2 Rac8 16. c5 b6 17. b4 bxc5 18. dxc5 Qb7 19. Ba3 a5 20. bxa5 Qc7 21. Qc3 d4 22. Qd3 Nxe5 23. Nxe5 Qxe5 24. Nc4 Qc7 25. Nb6 Rb8 26. Rab1 Ne3 27. Rfe1 Ng4 28. Kg2 Bf6 29. Nc4 Ra8 30. Rb6 Qd7 31. Nd6 e5 32. Rb7 Qe6 33. a6 Qd5+ 34. Kg1 e4 35. Nxe4 Ne5 36. Qd1 Rxa6 37. Bb2 Raa8 38. Qxh5 Rxa4 39. Nxf6+ gxf6 40. Rxe5 fxe5 41. Qg5+ Kf8 42. Qh6+ Kg8 43. Qg5+ Kf8 44. Qf6 Kg8 45. h5 Rda8 46. Qg5+ Kf8 47. Qh6+ Kg8 48. Qg5+ Kf8 49. Qh6+ Kg8 50. Qg5+ Kf8 1/2-1/2

[Event "Final GP Rapid TOP 16 2019"]
[Site "Khanty-Mansijsk"]
[Date "2019.12.01"]
[Round "4.8"]
[White "Shimanov, Aleksandr"]
[Black "Tsydypov, Zhamsaran"]
[Result "0-1"]
[ECO "A22"]
[WhiteElo "2587"]
[BlackElo "2553"]
[Annotator "ChessBase"]
[PlyCount "90"]
[EventDate "2019.12.01"]
[EventType "tourn"]
[EventCountry "RUS"]
[SourceTitle "playchess.com"]
[Source "ChessBase"]
[SourceQuality "1"]
[TimeControl "900+10"]

1. c4 Nf6 2. Nc3 g6 3. e4 e5 4. d4 exd4 5. Qxd4 Bg7 6. Qe5+ Kf8 7. Nf3 Nc6 8. Qf4 d6 9. Be2 h6 10. O-O Kg8 11. Rd1 Be6 12. h3 Qe7 13. Rb1 Re8 14. Re1 Qd7 15. Bf1 Ne5 16. Nxe5 dxe5 17. Qe3 a6 18. Rd1 Qc8 19. b3 Kh7 20. Nd5 Nxe4 21. Qxe4 Bf5 22. Qh4 Bxb1 23. Bxh6 Bxh6 24. Nf6+ Kg7 25. Nxe8+ Rxe8 26. Rxb1 e4 27. Rd1 Qf5 28. Qg3 e3 29. fxe3 Rxe3 30. Qf2 Qe6 31. Kh1 Qe4 32. Qb2+ Kh7 33. Kg1 Qe7 34. Kh1 Bf4 35. Qd4 Qh4 36. Qd5 Re7 37. Qf3 Bd6 38. Kg1 Qg5 39. Bd3 f5 40. Kf1 Re3 41. Qd5 Qf4+ 42. Kg1 Re7 43. Bf1 Qh2+ 44. Kf2 Bg3+ 45. Kf3 Bh4 0-1

[Event "Final GP Rapid TOP 16 2019"]
[Site "Khanty-Mansijsk"]
[Date "2019.12.01"]
[Round "5.1"]
[White "Tsydypov, Zhamsaran"]
[Black "Ponkratov, Pavel"]
[Result "1-0"]
[ECO "E91"]
[WhiteElo "2553"]
[BlackElo "2632"]
[Annotator "ChessBase"]
[PlyCount "141"]
[EventDate "2019.12.01"]
[EventType "tourn"]
[EventCountry "RUS"]
[SourceTitle "playchess.com"]
[Source "ChessBase"]
[SourceQuality "1"]
[TimeControl "900+10"]

1. Nf3 Nf6 2. c4 g6 3. Nc3 Bg7 4. d4 O-O 5. e4 d6 6. Be2 c5 7. O-O Bg4 8. dxc5 dxc5 9. Be3 Nfd7 10. Qb3 Qc8 11. Na4 b6 12. h3 Bxf3 13. Bxf3 Nc6 14. Rfd1 Rb8 15. Nc3 Nde5 16. Be2 Nd4 17. Bxd4 cxd4 18. Nd5 Nc6 19. Qa4 Kh8 20. Rac1 e6 21. Nb4 Nxb4 22. Qxb4 Rd8 23. b3 Rb7 24. Qa3 Rc7 25. b4 f5 26. Bd3 fxe4 27. Bxe4 Rxc4 28. Rxc4 Qxc4 29. Qxa7 Rf8 30. Qa3 Be5 31. b5 Rf7 32. Bd3 Qd5 33. Re1 Bd6 34. Qa6 Qc5 35. Qa8+ Kg7 36. Qe4 Ra7 37. g3 Rxa2 38. Qxe6 Ra7 39. Qg4 Rf7 40. Re6 Rf6 41. Rxf6 Kxf6 42. h4 Qe5 43. Qf3+ Kg7 44. Qb7+ Bc7 45. Qc6 Qd6 46. Qf3 Qe5 47. Qg4 Bd6 48. h5 g5 49. Qd7+ Be7 50. h6+ Kxh6 51. Qh3+ Kg7 52. Qxh7+ Kf8 53. Qh6+ Ke8 54. Qc6+ Kf8 55. Qxb6 Bd6 56. Qd8+ Kg7 57. b6 Qe1+ 58. Kg2 Qe5 59. Qd7+ Kf6 60. Qd8+ Kg7 61. Qd7+ Kf6 62. Qc6 Ke7 63. Qb7+ Kf6 64. Bc4 Qe7 65. Qf3+ Kg7 66. Qd5 Be5 67. b7 Qc7 68. Qg8+ Kh6 69. Qf8+ Kg6 70. Bd3+ Kh5 71. Qe8+ 1-0

[Event "Final GP Rapid TOP 16 2019"]
[Site "Khanty-Mansijsk"]
[Date "2019.12.01"]
[Round "5.2"]
[White "Murzin, Volodar"]
[Black "Shimanov, Aleksandr"]
[Result "1/2-1/2"]
[ECO "B04"]
[WhiteElo "2442"]
[BlackElo "2587"]
[Annotator "ChessBase"]
[PlyCount "164"]
[EventDate "2019.12.01"]
[EventType "tourn"]
[EventCountry "RUS"]
[SourceTitle "playchess.com"]
[Source "ChessBase"]
[SourceQuality "1"]
[TimeControl "900+10"]

1. e4 Nf6 2. e5 Nd5 3. d4 d6 4. Nf3 dxe5 5. Nxe5 c6 6. Nd2 Bf5 7. Bd3 Bxd3 8. Nxd3 e6 9. O-O Be7 10. Nf3 O-O 11. Re1 Nd7 12. c4 N5f6 13. Qc2 Rc8 14. Be3 Qc7 15. Rad1 Rfe8 16. b3 b5 17. Bf4 Qb7 18. c5 Nd5 19. Bg3 Rcd8 20. h3 Nf8 21. Nde5 f6 22. Nd3 Ra8 23. a3 Bd8 24. Re4 Bc7 25. Bxc7 Qxc7 26. Rde1 a5 27. g3 Rad8 28. h4 Qf7 29. Qd2 a4 30. b4 Re7 31. Kg2 Nc7 32. Qc2 Red7 33. Nf4 Re8 34. R4e2 Ng6 35. Nd3 Red8 36. Re4 e5 37. h5 Nf8 38. h6 Nfe6 39. Ndxe5 fxe5 40. Nxe5 Qf5 41. Nxd7 Rxd7 42. Qe2 Re7 43. Re5 Qg6 44. Qe4 Qxe4+ 45. R1xe4 gxh6 46. f4 Re8 47. f5 Ng7 48. Rxe8+ Ncxe8 49. d5 cxd5 50. Re5 Nc7 51. Re7 Nge8 52. f6 Kf8 53. Rxh7 Ne6 54. Rxh6 Kf7 55. Rh5 Nxf6 56. Rf5 Nd4 57. Rf4 Nc6 58. Kf2 d4 59. Ke2 Ke6 60. g4 d3+ 61. Kd2 Ne5 62. g5 Nd5 63. Rf8 Ne7 64. Rf6+ Kd5 65. Rd6+ Ke4 66. Re6 Nf5 67. g6 Kd4 68. Rxe5 Kxe5 69. Kxd3 Kd5 70. Ke2 Ke4 71. Kd2 Ke5 72. Kd3 Kd5 73. Ke2 Ke5 74. Kd3 Ng7 75. Ke3 Ne6 76. Kf3 Kf5 77. Ke3 Kxg6 78. Ke4 Kf6 79. Kd5 Ke7 80. Kc6 Nd4+ 81. Kb6 Kd7 82. c6+ Nxc6 1/2-1/2

[Event "Final GP Rapid TOP 16 2019"]
[Site "Khanty-Mansijsk"]
[Date "2019.12.01"]
[Round "5.3"]
[White "Maltsevskaya, Aleksandra"]
[Black "Potapov, Pavel"]
[Result "0-1"]
[ECO "B22"]
[WhiteElo "2318"]
[BlackElo "2482"]
[Annotator "ChessBase"]
[PlyCount "48"]
[EventDate "2019.12.01"]
[EventType "tourn"]
[EventCountry "RUS"]
[SourceTitle "playchess.com"]
[Source "ChessBase"]
[SourceQuality "1"]
[TimeControl "900+10"]

1. e4 c5 2. d4 cxd4 3. c3 Nf6 4. e5 Nd5 5. Nf3 Nc6 6. c4 Nc7 7. Nxd4 Nxe5 8. Nc3 g6 9. h4 h5 10. Bg5 Bg7 11. Be2 d6 12. Qd2 Ne6 13. Nc2 Nxg5 14. hxg5 Be6 15. Ne3 Rc8 16. Ncd5 Nc6 17. O-O-O Nd4 18. Bd3 b5 19. Kb1 bxc4 20. Bxc4 Rxc4 21. Nxc4 Bxd5 22. Ne3 Be4+ 23. Ka1 Qb6 24. Rc1 Nb3+ 0-1

[Event "Final GP Rapid TOP 16 2019"]
[Site "Khanty-Mansijsk"]
[Date "2019.12.01"]
[Round "5.5"]
[White "Nesterov, Arseniy"]
[Black "Bocharov, Dmitry"]
[Result "1-0"]
[ECO "D45"]
[WhiteElo "2482"]
[BlackElo "2524"]
[Annotator "ChessBase"]
[PlyCount "121"]
[EventDate "2019.12.01"]
[EventType "tourn"]
[EventCountry "RUS"]
[SourceTitle "playchess.com"]
[Source "ChessBase"]
[SourceQuality "1"]
[TimeControl "900+10"]

1. d4 Nf6 2. c4 e6 3. Nf3 d5 4. Nc3 c6 5. e3 Nbd7 6. Qc2 Bd6 7. b3 O-O 8. Be2 b6 9. O-O Bb7 10. Bb2 Qe7 11. Rfd1 Rad8 12. Rac1 Rfe8 13. Bf1 e5 14. cxd5 e4 15. Nxe4 Nxe4 16. dxc6 Bxc6 17. Qxc6 Nxf2 18. Re1 Ne4 19. Ne5 Bxe5 20. dxe5 Nd2 21. Bb5 Nxe5 22. Qc7 Nd7 23. Rcd1 Nf6 24. Qc2 Nde4 25. Bxe8 Rxe8 26. Bxf6 Nxf6 27. e4 Ng4 28. h3 Ne5 29. Qd2 h6 30. Rf1 Kh7 31. Rf5 f6 32. Qd6 Qf7 33. Rdf1 Qb7 34. Qd5 Qc7 35. R5f2 Rd8 36. Qe6 Rd3 37. Qf5+ Kh8 38. Qf4 Rd8 39. Qc1 Qd7 40. Qc3 Re8 41. Rd2 Qe7 42. Rd4 Nf7 43. Qd2 Ne5 44. Rd1 Nc6 45. Rc4 Ne5 46. Ra4 Qf7 47. Rd4 Qg6 48. Kh1 Kh7 49. Qf2 Nc6 50. Rc4 Ne5 51. Ra4 Qf7 52. Qf5+ Kg8 53. Rad4 Qc7 54. Qf4 Qe7 55. Qd2 Nc6 56. Rd7 Qxe4 57. Qd5+ Qxd5 58. R1xd5 Re1+ 59. Kh2 a5 60. Rb7 Re2 61. Rdd7 1-0

[Event "Final GP Rapid TOP 16 2019"]
[Site "Khanty-Mansijsk"]
[Date "2019.12.01"]
[Round "5.6"]
[White "Pridorozhni, Aleksei"]
[Black "Golubov, Saveliy"]
[Result "0-1"]
[ECO "E87"]
[WhiteElo "2602"]
[BlackElo "2469"]
[Annotator "ChessBase"]
[PlyCount "113"]
[EventDate "2019.12.01"]
[EventType "tourn"]
[EventCountry "RUS"]
[SourceTitle "playchess.com"]
[Source "ChessBase"]
[SourceQuality "1"]
[TimeControl "900+10"]

1. e4 g6 2. d4 Bg7 3. c4 d6 4. Nc3 Nf6 5. f3 O-O 6. Be3 e5 7. d5 c5 8. Qd2 Nh5 9. Nge2 f5 10. exf5 gxf5 11. O-O-O Nd7 12. Kb1 a6 13. h3 Nb6 14. b3 f4 15. Bf2 e4 16. Nxe4 Bf5 17. N2c3 Qf6 18. Rc1 Bxe4+ 19. fxe4 Ng3 20. Rg1 Nxf1 21. Rgxf1 Qe5 22. Bg1 Rf7 23. Bh2 Raf8 24. Rf3 Nc8 25. a4 Ne7 26. Rcf1 Ng6 27. Kc2 Qe7 28. g3 Bxc3 29. Rxc3 Qxe4+ 30. Kb2 fxg3 31. Rxf7 Rxf7 32. Bxg3 Rf6 33. Re3 Qf5 34. a5 h5 35. Qe1 Kh7 36. h4 Qg4 37. Qc3 Rf7 38. Ka3 Nxh4 39. Bxh4 Qxh4 40. Qd3+ Kg7 41. Rg3+ Kf8 42. Qg6 Qf6 43. Qg8+ Ke7 44. Re3+ Kd7 45. Qe8+ Kc7 46. Re1 h4 47. Ka2 h3 48. Re6 Qg7 49. Re2 Qh7 50. Ka3 Rg7 51. Qf8 Rf7 52. Qe8 Qg7 53. Ka2 Rd7 54. Qe6 Qg3 55. Qh6 Qc3 56. Qh4 Kb8 57. Rh2 0-1

[Event "Final GP Rapid TOP 16 2019"]
[Site "Khanty-Mansijsk"]
[Date "2019.12.01"]
[Round "5.8"]
[White "Kokarev, Dmitry"]
[Black "Moiseenko, Vadim"]
[Result "1/2-1/2"]
[ECO "B15"]
[WhiteElo "2606"]
[BlackElo "2526"]
[Annotator "ChessBase"]
[PlyCount "69"]
[EventDate "2019.12.01"]
[EventType "tourn"]
[EventCountry "RUS"]
[SourceTitle "playchess.com"]
[Source "ChessBase"]
[SourceQuality "1"]
[TimeControl "900+10"]

1. e4 c6 2. d4 d5 3. Nc3 dxe4 4. Nxe4 Nf6 5. Nxf6+ exf6 6. c3 Bd6 7. Bd3 O-O 8. Ne2 Re8 9. Qc2 h6 10. Be3 Nd7 11. O-O Qc7 12. h3 Nf8 13. c4 b6 14. Rad1 Be6 15. c5 bxc5 16. dxc5 Be7 17. Be4 Rac8 18. b4 a5 19. a3 axb4 20. axb4 Qb8 21. Qa4 Bc4 22. Bd3 Bxd3 23. Rxd3 f5 24. Nd4 f4 25. Bd2 Qc7 26. Nf5 Ne6 27. Bc3 Bf8 28. Nd6 Bxd6 29. Rxd6 f3 30. gxf3 Qe7 31. Qc2 Qg5+ 32. Kh2 Qf4+ 33. Kg2 Qg5+ 34. Kh2 Qf4+ 35. Kg2 1/2-1/2

[Event "Final GP Rapid TOP 16 2019"]
[Site "Khanty-Mansijsk"]
[Date "2019.12.02"]
[Round "6.1"]
[White "Ponkratov, Pavel"]
[Black "Moiseenko, Vadim"]
[Result "1-0"]
[ECO "C45"]
[WhiteElo "2619"]
[BlackElo "2532"]
[Annotator "RC"]
[PlyCount "76"]
[EventDate "2019.12.01"]
[EventType "tourn"]
[EventCountry "RUS"]
[SourceTitle "playchess.com"]
[Source "ChessBase"]
[SourceQuality "1"]
[TimeControl "900+10"]

1. e4 e5 2. Nf3 Nc6 3. d4 exd4 4. Nxd4 Bc5 5. Nb3 Bb6 6. Nc3 Nge7 7. Bd3 d6 8. Qh5 Nb4 9. Bg5 O-O 10. O-O-O Nxd3+ 11. Rxd3 f6 12. Be3 Be6 13. Nd4 Bc4 14. Rd2 Bf7 15. Qh3 Re8 16. g4 Ba5 17. Nde2 b5 18. Rdd1 b4 19. Nd5 Nxd5 20. exd5 Qd7 21. Qg3 Re4 22. g5 fxg5 23. Rhg1 h6 24. h4 Rxh4 25. f4 Rh3 26. Qf2 g4 27. Bd4 Bb6 28. f5 Rf3 29. Qh4 Rxf5 30. Qxg4 Bh5 31. Qh3 Raf8 32. Rxg7+ Qxg7 33. Bxg7 Kxg7 34. Ng3 Bg6 35. Nxf5+ Rxf5 36. Re1 h5 37. Re2 Rxd5 38. Rg2 h4 1-0

[Event "Final GP Rapid TOP 16 2019"]
[Site "Khanty-Mansijsk"]
[Date "2019.12.02"]
[Round "6.5"]
[White "Morozevich, Alexander"]
[Black "Nesterov, Arseniy"]
[Result "1-0"]
[ECO "D18"]
[WhiteElo "2659"]
[BlackElo "2489"]
[Annotator "RC"]
[PlyCount "117"]
[EventDate "2019.12.01"]
[EventType "tourn"]
[EventCountry "RUS"]
[SourceTitle "playchess.com"]
[Source "ChessBase"]
[SourceQuality "1"]
[TimeControl "900+10"]

1. d4 d5 2. c4 c6 3. Nf3 Nf6 4. Nc3 dxc4 5. a4 Bf5 6. e3 e6 7. Bxc4 Bb4 8. O-O O-O 9. h3 Nbd7 10. Nh4 Nb6 11. Bb3 Nbd5 12. Nxf5 exf5 13. Bd2 Qa5 14. Rc1 Nb6 15. Nb1 Ne4 16. Bxb4 Qxb4 17. Nc3 Rad8 18. Nxe4 fxe4 19. Rc5 g6 20. Qc2 Kg7 21. Ra1 a5 22. Re5 f5 23. Qc3 Rfe8 24. Rxa5 Qxc3 25. bxc3 Ra8 26. Rxa8 Rxa8 27. a5 Nc8 28. Ra2 Nd6 29. c4 Kf6 30. Kf1 Ke7 31. Ke2 Kd7 32. Kd2 Kc7 33. Kc3 Ne8 34. g4 fxg4 35. hxg4 g5 36. c5 Nf6 37. Be6 h6 38. Ra1 Re8 39. Bf5 Ra8 40. Kb4 Rf8 41. Kc4 Ra8 42. Rh1 Rh8 43. Rh3 Kd8 44. f3 exf3 45. Rxf3 h5 46. gxh5 g4 47. Rg3 Rxh5 48. e4 Rg5 49. Kd3 Ke7 50. Bc8 Kd8 51. Bxb7 Kc7 52. a6 Nh5 53. Rg1 g3 54. Ke3 Rg8 55. d5 Nf6 56. d6+ Kb8 57. Bxc6 Ka7 58. e5 Ng4+ 59. Ke4 1-0

[Event "Final GP Rapid TOP 16 2019"]
[Site "Khanty-Mansijsk"]
[Date "2019.12.02"]
[Round "6.6"]
[White "Potapov, Pavel"]
[Black "Voit, Daria"]
[Result "0-1"]
[ECO "C16"]
[WhiteElo "2489"]
[BlackElo "2336"]
[Annotator "RC"]
[PlyCount "120"]
[EventDate "2019.12.01"]
[EventType "tourn"]
[EventCountry "RUS"]
[SourceTitle "playchess.com"]
[Source "ChessBase"]
[SourceQuality "1"]
[TimeControl "900+10"]

1. e4 e6 2. d4 d5 3. Nc3 Bb4 4. e5 Ne7 5. a3 Bxc3+ 6. bxc3 b6 7. Qg4 Ng6 8. h4 h5 9. Qg3 Ba6 10. Bd3 Bxd3 11. cxd3 c5 12. Ne2 cxd4 13. cxd4 Nc6 14. Bg5 Qd7 15. O-O Nce7 16. f3 Rc8 17. a4 O-O 18. Qf2 f6 19. exf6 gxf6 20. Bh6 Rf7 21. Nf4 Nxf4 22. Bxf4 Rg7 23. Kh1 Rc3 24. Rfc1 Rxc1+ 25. Bxc1 Nf5 26. Bf4 Qc6 27. g4 hxg4 28. fxg4 Rxg4 29. Rg1 Rxg1+ 30. Qxg1+ Kh7 31. h5 Qe8 32. Qg4 Qg8 33. Qe2 Nxd4 34. Qb2 e5 35. Be3 Qg4 36. Bxd4 Qxh5+ 37. Kg1 Qg4+ 38. Kf1 Qxd4 39. Qb5 a5 40. Qd7+ Kh6 41. Ke2 Kg6 42. Qe8+ Kg5 43. Qc6 f5 44. Qc7 Qb2+ 45. Kf1 Kf4 46. Qh7 Qb1+ 47. Kf2 Qc2+ 48. Ke1 Qc1+ 49. Kf2 Qe3+ 50. Kg2 Qg3+ 51. Kh1 Qxd3 52. Qh4+ Kf3 53. Qe1 e4 54. Qg1 Qe2 55. Qg5 f4 56. Qh5+ Kf2 57. Qh2+ Ke1 58. Qh4+ Qf2 59. Qf6 Kf1 60. Qxf4 Qf3+ 0-1

[Event "Final GP Rapid TOP 16 2019"]
[Site "Khanty-Mansijsk"]
[Date "2019.12.02"]
[Round "10.5"]
[White "Shimanov, Aleksandr"]
[Black "Shaposhnikov, Evgeny"]
[Result "1-0"]
[ECO "B38"]
[WhiteElo "2587"]
[BlackElo "2568"]
[Annotator "RC"]
[PlyCount "79"]
[EventDate "2019.12.01"]
[EventType "tourn"]
[EventCountry "RUS"]
[SourceTitle "playchess.com"]
[Source "ChessBase"]
[SourceQuality "1"]
[TimeControl "900+10"]

1. c4 c5 2. Nf3 Nc6 3. d4 cxd4 4. Nxd4 g6 5. e4 Bg7 6. Be3 Nf6 7. Nc3 O-O 8. Be2 Nxd4 9. Bxd4 d6 10. O-O Bd7 11. h3 Bc6 12. Qc2 a5 13. Rad1 Nd7 14. Bxg7 Kxg7 15. Bg4 Ne5 16. c5 Nxg4 17. hxg4 Qc8 18. cxd6 exd6 19. f3 Qe6 20. Rd4 Rfd8 21. Rfd1 Qe5 22. Qd2 Qc5 23. Qf2 Qe5 24. R4d2 Rd7 25. Nd5 Bxd5 26. Rxd5 Qe6 27. e5 Ra6 28. exd6 h6 29. Qd4+ Qf6 30. Qd2 a4 31. f4 Rb6 32. b4 axb3 33. g5 hxg5 34. fxg5 Qd8 35. Qd4+ Kg8 36. axb3 Rxb3 37. Re1 Qc8 38. Rde5 Rd8 39. Re7 Rf8 40. d7 1-0

[Event "Final GP Rapid TOP 16 2019"]
[Site "Khanty-Mansijsk"]
[Date "2019.12.03"]
[Round "11.2"]
[White "Nesterov, Arseniy"]
[Black "Maltsevskaya, Aleksandra"]
[Result "1-0"]
[ECO "D02"]
[WhiteElo "2489"]
[BlackElo "2332"]
[Annotator "ChessBase"]
[PlyCount "73"]
[EventDate "2019.12.01"]
[EventType "tourn"]
[EventCountry "RUS"]
[SourceTitle "playchess.com"]
[Source "ChessBase"]
[SourceQuality "1"]
[TimeControl "900+10"]

1. Nf3 d5 2. d4 Nf6 3. c4 e6 4. g3 Bb4+ 5. Bd2 Bd6 6. Qc2 O-O 7. Bg2 b6 8. O-O c6 9. Bg5 Ba6 10. Nbd2 Nbd7 11. e4 dxe4 12. Nxe4 Be7 13. Nxf6+ Bxf6 14. Be3 Rc8 15. Qa4 Nb8 16. Bf4 b5 17. Qa3 b4 18. Qxb4 c5 19. dxc5 Nc6 20. Qb3 Qa5 21. Bd6 Rfd8 22. Rfd1 Be7 23. Rac1 Bxd6 24. cxd6 Rb8 25. Qc2 Nb4 26. Qd2 Qxa2 27. c5 Bc4 28. Ra1 Qb3 29. Ra3 Qc2 30. Qxc2 Nxc2 31. Rc3 Bb3 32. c6 Ne3 33. fxe3 Bxd1 34. c7 Rbc8 35. cxd8=Q+ Rxd8 36. Ne5 f6 37. d7 1-0

[Event "Final GP Rapid TOP 16 2019"]
[Site "Khanty-Mansijsk"]
[Date "2019.12.03"]
[Round "11.6"]
[White "Moiseenko, Vadim"]
[Black "Potapov, Pavel"]
[Result "1/2-1/2"]
[ECO "B31"]
[WhiteElo "2532"]
[BlackElo "2489"]
[Annotator "ChessBase"]
[PlyCount "106"]
[EventDate "2019.12.01"]
[EventType "tourn"]
[EventCountry "RUS"]
[SourceTitle "playchess.com"]
[Source "ChessBase"]
[SourceQuality "1"]
[TimeControl "900+10"]

1. e4 c5 2. Nf3 Nc6 3. Bb5 g6 4. Bxc6 bxc6 5. O-O Bg7 6. Re1 Nh6 7. d3 f6 8. a3 Nf7 9. Be3 d6 10. b4 f5 11. c3 fxe4 12. dxe4 cxb4 13. axb4 Qc7 14. Qb3 O-O 15. Nbd2 Kh8 16. Ra3 a6 17. Rd1 Rb8 18. h3 Nd8 19. Nd4 e5 20. Ne2 c5 21. Qc4 Bd7 22. Ng3 Bb5 23. Qd5 cxb4 24. cxb4 Qc6 25. Nb1 Qxd5 26. Rxd5 Nf7 27. Nc3 Bc4 28. Ra4 Bb3 29. Rxa6 Rxb4 30. Rd2 Bc4 31. Ra7 Kg8 32. Nd5 Bxd5 33. Rxd5 Rfb8 34. Rd1 R4b7 35. Rda1 Bf6 36. Nf1 Bg5 37. R7a6 Rb1 38. Ba7 Rxa1 39. Rxa1 Ra8 40. Bd4 Rxa1 41. Bxa1 Nd8 42. g3 Kf7 43. Kg2 Ke6 44. Kf3 Nc6 45. Bc3 d5 46. exd5+ Kxd5 47. h4 Bc1 48. Bd2 Bxd2 49. Nxd2 h5 50. Ke3 Nd4 51. Kd3 Nc6 52. Ke3 Nd4 53. Kd3 Nc6 {Ke4+} 1/2-1/2